 Dungeon Sprint DCSS version 0.27-a0-1416-g941b2bd30b (webtiles) character file.

Game seed: 9557437936722585035

0 tygod the Ducker (level 2, -9/29 HPs)
             Began as a Gnoll Monk on July 2, 2021.
             Mangled by a gnoll sergeant (14 damage)
             ... in the Dungeon (Sprint VI: "Thunderdome").
             The game lasted 00:02:24 (73 turns).

tygod the Ducker (Gnoll Monk)                         Turns: 73, Time: 00:02:25

Health: -9/29      AC:  2    Str: 10    XL:     2   Next: 79%
Magic:  4/4        EV: 15    Int:  9    God:
Gold:   146        SH:  0    Dex: 14    Spells: 4/4 levels left

rFire    . . .     SeeInvis .   a - +0 hand axe
rCold    . . .     Faith    .   (no shield)
rNeg     . . .     Spirit   .   b - +0 robe
rPois    .         Reflect  .   (no helmet)
rElec    .         Harm     .   (no cloak)
rCorr    .         Rampage  .   (no gloves)
Will     .....     NoTele   +   (no boots)
Stlth    +++.......             (no amulet)
HPRegen  0.09/turn              (no ring)
MPRegen  0.09/turn              (no ring)

@: no status effects
A: fangs 1, strong nose, distributed training
a: no special abilities


You were in the Dungeon.
You visited 1 branch You collected 200 gold pieces.
You spent 54 gold pieces at shops.

Inventory:

Hand Weapons
 a - a +0 hand axe (weapon)
Armour
 b - a +0 robe (worn)
 m - a +0 buckler
Wands
 j - a wand of acid (5)
 k - a wand of iceblast (5)
Scrolls
 h - a scroll of blinking
 l - a scroll of fog
Potions
 c - a potion of curing
 d - a potion of heal wounds
 e - 4 potions of haste
 f - 2 potions of magic
 g - a potion of berserk rage
 i - a potion of resistance


   Skills:
 + Level 6.7 Fighting
 + Level 1.5 Short Blades
 + Level 1.5 Long Blades
 + Level 6.7 Axes
 + Level 1.5 Maces & Flails
 + Level 1.5 Polearms
 + Level 1.5 Staves
 + Level 1.5 Slings
 + Level 1.5 Bows
 + Level 1.5 Crossbows
 + Level 1.5 Throwing
 + Level 1.5 Armour
 + Level 6.7 Dodging
 + Level 4.4 Stealth
 + Level 1.5 Shields
 + Level 1.5 Unarmed Combat
 + Level 1.5 Spellcasting
 + Level 1.2 Conjurations
 + Level 1.2 Hexes
 + Level 1.2 Summonings
 + Level 1.2 Necromancy
 + Level 1.2 Translocations
 + Level 1.2 Transmutations
 + Level 1.2 Fire Magic
 + Level 1.2 Ice Magic
 + Level 1.2 Air Magic
 + Level 1.2 Earth Magic
 + Level 1.2 Poison Magic
 + Level 1.7 Invocations
 + Level 1.5 Evocations


You had 4 spell levels left.
You didn't know any spells.
Your spell library was empty.

Dungeon Overview and Level Annotations

Branches:
Dungeon (1/1)

Altars:
Cheibriados
Dithmenos
Fedhas
Gozag
Kikubaaqudgha
Makhleb
Okawaru
Qazlal
Ru
Sif Muna
Trog
Uskayaw
Vehumet
Wu Jian
Xom
Yredelemnul
Zin
The Shining One
Beogh
Jiyva
Lugonu

Shops:
D *[??*?*:[((!!!!


Innate Abilities, Weirdness & Mutations

You have very sharp teeth.
Your uncanny sense of smell can sniff out nearby items.
Your experience applies equally to all skills.


Message History

Press: ? - help, Dir - move target
As you read the scroll of blinking, it crumbles to dust.
Found four shops.
Okay, then.
As you read the scroll of fog, it crumbles to dust.
The scroll dissolves into smoke.
A gnoll sergeant comes into view. It is wielding a +0 trident.
The gnoll shaman calls upon its god to speed up something.
There is an entrance to Kirghuagh's Basic Armour here.
m - a +0 buckler Thank you for shopping at Kirghuagh's Basic Armour!
Okay, then.
You start putting on your armour.
You continue putting on your +0 buckler. 50...
You continue putting on your +0 buckler.
The gnoll sergeant closely misses you.
The gnoll sergeant hits you from afar with a +0 spear!
Keep equipping yourself? [Y]es or [N]o only, please.
Keep equipping yourself?
Uppercase [Y]es or [N]o only, please.
Keep equipping yourself?
Uppercase [Y]es or [N]o only, please.
Keep equipping yourself?
Uppercase [Y]es or [N]o only, please.
Keep equipping yourself?
Uppercase [Y]es or [N]o only, please.
Keep equipping yourself?
You stop putting on your armour.
* * * LOW HITPOINT WARNING * * *
Blink to where?
Press: ? - help, Dir - move target
As you read the scroll of blinking, it crumbles to dust.
Okay, then.
As you read the scroll of fog, it crumbles to dust.
The scroll dissolves into smoke.
The gnoll sergeant barely misses you.
The gnoll sergeant hits you from afar with a +0 spear!
You die...

##.___......###......___∩#
#∩....))..8.# #.8........∩
............###...........
.........###...###........
.........# #.<.# #........
.........###...###........
............###...........
#∩.......§8.# #.8........∩
##∩___..§@§§###......___∩#
######.8g§§......8.######
#⌠§§§g.......§#
###.§§§§§g..###
#_§§§§..._# #§§§§§g.._#
#§§§§§..._# #§§§§....∩#
##§§§...§##


You could see a gnoll sergeant (fast) and a gnoll shaman.

Vanquished Creatures
  2 gnolls (D)
2 creatures vanquished.

Notes
Turn   | Place    | Note
-------+----------+-------------------------------------------
     0 | D        | tygod the Gnoll Monk began the quest for the Orb.
     0 | D        | Reached XP level 1. HP: 23/23 MP: 1/1
     0 | D        | Found a stormy altar of Qazlal.
     1 | D        | Found a snail-covered altar of Cheibriados.
     1 | D        | Found a hide-covered altar of Uskayaw.
     5 | D        | Found an opulent altar of Gozag.
     5 | D        | Found a viscous altar of Jiyva.
     5 | D        | Round 1.
     6 | D        | Found a glowing silver altar of Zin.
     7 | D        | Found a basalt altar of Yredelemnul.
     7 | D        | Found a blossoming altar of Fedhas.
     8 | D        | Found Goah's Distillery.
     8 | D        | Found an ornate altar of the Wu Jian Council.
     8 | D        | Found a shimmering altar of Xom.
     8 | D        | Found Bimif's Do-It-Yourself Clinic.
     9 | D        | Found Kidoucest's Distillery.
     9 | D        | Found Tunwueddyce's Bottled Wisdom.
    10 | D        | Found an ancient bone altar of Kikubaaqudgha.
    11 | D        | Found Gyiwoc's Staff Store.
    13 | D        | Found Vurhuucad's Must-Have Magic.
    13 | D        | Found Wesa's Magic Scroll Shop.
    15 | D        | Found Uskidetao's Magic Scroll Shop.
    21 | D        | Found an iron altar of Okawaru.
    23 | D        | Found Luutaeff's Jewellery.
    23 | D        | Found Eggextam's Advanced Armour.
    31 | D        | Reached skill level 1 in Short Blades
    31 | D        | Reached skill level 1 in Long Blades
    31 | D        | Reached skill level 1 in Maces & Flails
    31 | D        | Reached skill level 1 in Polearms
    31 | D        | Reached skill level 1 in Staves
    31 | D        | Reached skill level 1 in Slings
    31 | D        | Reached skill level 1 in Bows
    31 | D        | Reached skill level 1 in Crossbows
    31 | D        | Reached skill level 1 in Throwing
    31 | D        | Reached skill level 1 in Armour
    31 | D        | Reached skill level 1 in Shields
    31 | D        | Reached skill level 1 in Unarmed Combat
    31 | D        | Reached skill level 1 in Spellcasting
    31 | D        | Reached skill level 1 in Conjurations
    31 | D        | Reached skill level 1 in Hexes
    31 | D        | Reached skill level 1 in Summonings
    31 | D        | Reached skill level 1 in Necromancy
    31 | D        | Reached skill level 1 in Translocations
    31 | D        | Reached skill level 1 in Transmutations
    31 | D        | Reached skill level 1 in Fire Magic
    31 | D        | Reached skill level 1 in Ice Magic
    31 | D        | Reached skill level 1 in Air Magic
    31 | D        | Reached skill level 1 in Earth Magic
    31 | D        | Reached skill level 1 in Poison Magic
    31 | D        | Reached skill level 1 in Invocations
    31 | D        | Reached skill level 1 in Evocations
    31 | D        | Reached XP level 2. HP: 19/29 MP: 1/3
    35 | D        | Found a sacrificial altar of Ru.
    35 | D        | Found a glowing golden altar of the Shining One.
    35 | D        | Found a shimmering blue altar of Sif Muna.
    35 | D        | Found Timirav's Identification Station.
    40 | D        | Found a shadowy altar of Dithmenos.
    41 | D        | Found a bloodstained altar of Trog.
    42 | D        | Found a burning altar of Makhleb.
    42 | D        | Found a corrupted altar of Lugonu.
    42 | D        | Noticed a gnoll sergeant
    46 | D        | Found a radiant altar of Vehumet.
    57 | D        | Found Lemn's Premium Goods.
    57 | D        | Found Ibelaib's Weapon Rack.
    57 | D        | Found Ydiquh's Miscellaneous Merchandise.
    57 | D        | Found Kirghuagh's Basic Armour.
    64 | D        | Noticed a gnoll sergeant
    67 | D        | Bought a +0 buckler for 54 gold pieces
    73 | D        | Mangled by a gnoll sergeant

Illustrated notes

Levels and vault maps discovered:
D:        arena_sprint

Skill      XL: |  1 |
---------------+----+-----
Short Blades   | 1 |  1.5
Long Blades    | 1 |  1.5
Maces & Flails | 1 |  1.5
Polearms       | 1 |  1.5
Staves         | 1 |  1.5
Slings         | 1 |  1.5
Bows           | 1 |  1.5
Crossbows      | 1 |  1.5
Throwing       | 1 |  1.5
Armour         | 1 |  1.5
Shields        | 1 |  1.5
Unarmed Combat | 1 |  1.5
Spellcasting   | 1 |  1.5
Conjurations   | 1 |  1.2
Hexes          | 1 |  1.2
Summonings     | 1 |  1.2
Necromancy     | 1 |  1.2
Translocations | 1 |  1.2
Transmutations | 1 |  1.2
Fire Magic     | 1 |  1.2
Ice Magic      | 1 |  1.2
Air Magic      | 1 |  1.2
Earth Magic    | 1 |  1.2
Poison Magic   | 1 |  1.2
Invocations    | 1 |  1.7
Evocations     | 1 |  1.5
Fighting       | |  6.7
Axes           | |  6.7
Dodging        | |  6.7
Stealth        | |  4.4

Action                   || total
-------------------------++-------
Melee: Hand axe          ||    12
       Bite              ||     2
  Use: Potion            ||     3
       Scroll            ||     5
Dodge: Dodged            ||    18

Table legend: (Time is in decaauts)
 A = Elapsed time spent in this place.
 B = Non-inter-level travel time spent in this place.
 C = Inter-level travel time spent in this place.
 D = Time resting spent in this place.
 E = Time spent auto-exploring this place.
 F = Levels seen in this place.
 G = Mean time per level.
                   A        B        C        D        E       F      G
               +--------+--------+--------+--------+--------+-----+--------+
         Total |     72 |     66 |      6 |      0 |      2 |   1 |   72.0 |
       Dungeon |     72 |     66 |      6 |      0 |      2 |   1 |   72.0 |
               +--------+--------+--------+--------+--------+-----+--------+

Top non-repeatable levels by time:
       D: 72 daAuts
